 Dungeon Crawl Stone Soup version 0.24.0-2-g5b39cebb1c (webtiles) character file.

Game seed: 17055090432999193750, levelgen mode: deterministic

70820 Mrkan the Severer (level 14, -3/125 HPs)
             Began as a Minotaur Fighter on Oct 29, 2019.
             Was the Champion of Dithmenos.
             Slain by a sun demon (8 damage)
             ... summoned by an orc sorcerer
             ... led by an orc warlord
             ... while paralysed by an orc sorcerer
             ... on level 2 of the Orcish Mines.
             The game lasted 00:52:00 (20933 turns).

Mrkan the Severer (Minotaur Fighter)               Turns: 20933, Time: 00:52:01

Health: -3/125     AC: 24    Str: 26    XL:     14   Next: 95%
Magic:  20/20      EV:  2    Int:  5    God:    Dithmenos [******]
Gold:   1331       SH:  0    Dex: 15    Spells: 13/13 levels left

rFire    + . .     SeeInvis .   l - +8 broad axe (chop)
rCold    x . .     Gourm    .   c - +0 shield
rNeg     . . .     Faith    .   E - +0 plate armour {rPois}
rPois    +         Spirit   .   (helmet restricted)
rElec    .         Reflect  .   h - +0 cloak
rCorr    .         Harm     .   z - +0 pair of gloves
MR       +....                  I - +0 pair of boots
Stlth    ..........             j - amulet of the acrobat
HPRegen  0.30/turn              w - +3 ring of protection
MPRegen  0.17/turn              e - ring of fire

@: paralysed, mighty, wreathed by umbra, lightly drained
A: retaliatory headbutt, horns 2
a: Shadow Step, Shadow Form, Renounce Religion


You were on level 2 of the Orcish Mines.
You worshipped Dithmenos.
Dithmenos was exalted by your worship.
You were not hungry.

You visited 4 branches of the dungeon, and saw 21 of its levels.
You also visited: Volcano.

You collected 2111 gold pieces.
You spent 780 gold pieces at shops.

Inventory:

Hand Weapons
 l - a +8 broad axe of chopping (weapon)
Missiles
 G - 6 curare-tipped darts (quivered)
Armour
 c - a +0 shield (worn)
 h - a +0 cloak (worn)
 z - a +0 pair of gloves (worn)
 E - a +0 plate armour of poison resistance (worn)
 I - a +0 pair of boots (worn)
 M - a +1 cloak of invisibility
Jewellery
 a - an uncursed ring of protection from fire
 e - a ring of fire (right hand)
 j - an amulet of the acrobat (around neck)
 w - a +3 ring of protection (left hand)
 K - an uncursed amulet of regeneration
Wands
 m - a wand of digging (3)
 q - a wand of disintegration (5)
 t - a wand of polymorph (2)
 v - a wand of random effects (49)
 A - a wand of acid (12)
Scrolls
 i - 4 scrolls of enchant armour
 k - 12 scrolls of remove curse
 n - a scroll of brand weapon
 p - 3 scrolls of amnesia
 y - 2 scrolls of fog
 B - 5 scrolls of teleportation
 D - 5 scrolls of fear
 L - a scroll of holy word
Potions
 b - 3 potions of ambrosia
 d - 4 potions of might
 g - 7 potions of curing
 o - a potion of agility
 r - a potion of brilliance
 s - 2 potions of mutation
 u - 4 potions of cancellation
 x - 3 potions of haste
 C - 3 potions of lignification
 F - 2 potions of berserk rage
 H - 5 potions of resistance
 J - a potion of invisibility
Comestibles
 f - 34 rations
 N - 14 chunks of flesh


   Skills:
 + Level 11.9(11.8) Fighting
 + Level 17.7(17.6) Axes
 + Level 13.7(13.6) Armour
 - Level 5.1(5.0) Dodging
 + Level 13.7(13.6) Shields
 + Level 9.4(9.3) Invocations
 - Level 4.1(4.0) Evocations


You had 13 spell levels left.
You didn't know any spells.
Your spell library contained the following spells:

 Spells                   Type           Power        Failure   Level  Hunger
 Animate Skeleton         Necr           N/A          99%         1    ##.....
 Apportation              Tloc           #.....       99%         1    ##.....
 Confusing Touch          Hex            #.....       99%         1    ##.....
 Magic Dart               Conj           #...         99%         1    ##.....
 Summon Butterflies       Summ           #.......     99%         1    ##.....
 Summon Small Mammal      Summ           #...         99%         1    ##.....
 Blink                    Tloc           N/A          100%        2    ###....
 Call Imp                 Summ           #.......     100%        2    ###....
 Slow                     Hex            #.......     100%        2    ###....
 Call Canine Familiar     Summ           #.......     100%        3    ####...
 Confuse                  Hex            #.......     100%        3    ####...
 Conjure Flame            Conj/Fire      #.......     100%        3    ####...
 Gell's Gravitas          Tloc           #.........   100%        3    ####...
 Lesser Beckoning         Tloc           #.........   100%        3    ####...
 Mephitic Cloud           Conj/Pois/Air  #.......     100%        3    ####...
 Recall                   Summ/Tloc      N/A          100%        3    ####...
 Summon Guardian Golem    Hex/Summ       #.......     100%        3    ####...
 Tukima's Dance           Hex            #.......     100%        3    ####...
 Petrify                  Tmut/Erth      #.......     100%        4    #####..
 Summon Ice Beast         Ice/Summ       #.......     100%        4    #####..
 Summon Lightning Spire   Summ/Air       #.......     100%        4    #####..
 Alistair's Intoxication  Tmut/Pois      #.......     100%        5    ######.
 Aura of Abjuration       Summ           #.........   100%        5    ######.
 Metabolic Englaciation   Hex/Ice        #.........   100%        5    ######.
 Summon Demon             Summ           #.........   100%        5    ######.
 Summon Forest            Summ/Tloc      #.........   100%        5    ######.
 Summon Mana Viper        Hex/Summ       #.......     100%        5    ######.
 Yara's Violent Unravell  Hex/Tmut       #.........   100%        5    ######.
 Invisibility             Hex            #.......     100%        6    #######
 Shadow Creatures         Summ           N/A          100%        6    #######


Dungeon Overview and Level Annotations

Branches:
Dungeon (12/15)            Temple (0/1) D:7            Lair (6/6) D:9
  Swamp (0/4) Lair:3        Snake (1/4) Lair:4        Slime (0/5) Lair:5
    Orc (2/2) D:9         Volcano (visited)
    Elf: Orc:2

Altars:
Dithmenos
Hepliaklqana
Ru
Xom
The Shining One

Shops:
D:12 :   Orc:2 **:[?


Innate Abilities, Weirdness & Mutations

You reflexively headbutt those who attack you in melee.
You have a pair of horns on your head.


Message History

The orange demon stings you but does no damage.
The sun demon hits you!
You are engulfed in flames!
You resist.
* * * LOW HITPOINT WARNING * * *
The orc warrior hits you with a +0 dire flail!!
* * * LOW HITPOINT WARNING * * *
The orc sorcerer barely misses you. The orange demon stings you from afar.
* * * LOW HITPOINT WARNING * * *
The sun demon hits you but does no damage.
An orc comes into view. It is wielding a +0 falchion.
The orc warrior hits you with a +0 dire flail.
* * * LOW HITPOINT WARNING * * *
The orc sorcerer hits you but does no damage.
Something hits you but does no damage.
The sun demon hits you but does no damage.
The orange demon stings you but does no damage.
An orc comes into view. It is wielding a +0 flail.
The sun demon hits you.
* * * LOW HITPOINT WARNING * * *
You are engulfed in flames!
You resist.
You die...

.........)(((..####.#.....##....)
...##..##))##...# #####..........
≈≈........))##..## ###.....#.#
≈≈≈..........#...## ###.####.
#≈≈≈≈.............# ### ## #
#≈≈≈≈......#...## #.
####≈≈≈≈.....#§§§.# ## ##
)))))).........{§## #...#
)(())..(......ho@# #.
####≈≈≈≈.....#o3o# #... #
#≈≈≈≈......#§4oo #....
≈≈≈≈...........4o# ##.##
≈≈≈..........#..... #.. #
≈≈..........##...... ##
...##..##..##.....oo ... ...
...........#


You could see a sun demon, an orange demon, a warg, an orc sorcerer, 3 orc
warriors and 4 orcs.

Vanquished Creatures
  Rupert (D:12)
  Frances (D:12)
  An orc warlord (Orc:2)
  A stone giant (Orc:2)
  An ettin (Lair:5)
  Snorg (D:12)
  Josephine (D:12)
  An ogre mage (D:12)
  Fannar (Lair:1)
  Erolcha (D:9)
  5 hydras
  A catoblepas (Lair:6)
  A centaur warrior (Volcano)
  2 two-headed ogres (D:12)
  Urug (Lair:2)
  Sonja (Lair:1)
  A hell knight (Volcano)
  An unseen horror (D:11)
  Pikel (D:7)
  A wolf spider zombie (D:12)
  2 orc knights (Orc:2)
  A cyclops (Orc:1)
  2 ugly things
  Joseph (D:9)
  5 black mambas
  Maurice (D:9)
  A gargoyle (D:12)
  A torpor snail (Lair:6)
  Psyche (D:10)
  A yaktaur (Volcano)
  30 spiny frogs
  10 komodo dragons
  5 rime drakes
  4 tyrant leeches (Lair:6)
  A polar bear (Lair:4)
  Prince Ribbit (D:8)
  A hornet (D:10)
  7 dream sheep (Lair:6)
  30 blink frogs
  A slime creature (Lair:5)
  5 hippogriffs
  A wyvern (Lair:5)
  37 yaks
  2 basilisks
  11 fire bats (Volcano)
  7 wraiths
  A hungry ghost (D:10)
  6 vampire mosquitoes (Lair:6)
  Menkaure (D:6)
  3 insubstantial wisps (Lair:3)
  A soldier ant (D:12)
  2 wargs (Orc:2)
  23 water moccasins
  Duvessa (D:7)
  4 porcupines
  37 orc warriors
  3 ice beasts
  A sky beast (D:5)
  2 phantoms (D:9)
  4 black bears
  12 ogres
  13 centaurs
  4 wolves (Lair:4)
  2 big kobolds
  9 crocodiles
  26 bullfrogs
  5 scorpions
  Dowan (D:7)
  5 wights (D:8)
  12 killer bees
  An electric eel (Lair:6)
  9 lava snakes (Volcano)
  2 howler monkeys
  2 bullfrog zombies (D:5)
  4 crimson imps
  5 hounds
  A quasit (D:11)
  2 centaur zombies (D:12)
  6 jellies
  12 orc priests
  An iguana (D:7)
  14 worker ants
  18 orc wizards
  3 hound zombies
  A worker ant zombie (D:5)
  A howler monkey zombie (D:10)
  21 adders
  11 gnolls
  8 shadow imps
  2 adder skeletons
  An adder zombie (D:8)
  3 worms
  A dart slug (D:1)
  2 leopard geckos
  59 orcs
  5 ball pythons
  9 bats
  5 giant cockroaches
  8 goblins
  7 hobgoblins
  15 jackals
  21 kobolds
  9 quokkas
  5 frilled lizards
  A jackal skeleton (D:5)
  A leopard gecko skeleton (D:5)
  7 rats
  A bush (Lair:5)
  8 fungi
  4 plants
668 creatures vanquished.

Vanquished Creatures (others)
  A bullfrog (D:7)
  A bullfrog zombie (D:7)
  An orc wizard (D:7)
  A bush (D:6)
  16 fungi
  52 plants
72 creatures vanquished.

Grand Total: 740 creatures vanquished

Notes
Turn   | Place    | Note
-------+----------+-------------------------------------------
     0 | D:1      | Mrkan the Minotaur Fighter began the quest for the Orb.
     0 | D:1      | Reached XP level 1. HP: 19/19 MP: 0/0
   126 | D:1      | Reached XP level 2. HP: 27/27 MP: 1/1
   217 | D:1      | Reached skill level 3 in Axes
   659 | D:1      | Reached XP level 3. HP: 32/33 MP: 2/2
  1550 | D:2      | Found a shadowy altar of Dithmenos.
  1561 | D:2      | Became a worshipper of Dithmenos the Shadowed
  1568 | D:2      | Reached XP level 4. HP: 36/40 MP: 3/3
  1710 | D:2      | Reached skill level 4 in Axes
  1835 | D:2      | Found a hazy altar of Hepliaklqana.
  2729 | D:3      | Reached XP level 5. HP: 47/47 MP: 4/4
  2766 | D:3      | Reached * piety under Dithmenos
  3073 | D:3      | Noticed a black bear
  3082 | D:3      | Killed a black bear
  3082 | D:3      | Reached skill level 5 in Axes
  3602 | D:4      | Reached XP level 6. HP: 55/55 MP: 5/5
  3805 | D:4      | Reached skill level 5 in Armour
  3805 | D:4      | Reached skill level 5 in Shields
  3846 | D:4      | Reached skill level 5 in Fighting
  4186 | D:5      | Entered Level 5 of the Dungeon
  4241 | D:5      | Reached skill level 6 in Axes
  4266 | D:5      | Reached XP level 7. HP: 55/61 MP: 6/6
  4449 | D:5      | Reached ** piety under Dithmenos
  4488 | D:5      | Reached skill level 7 in Axes
  4936 | D:6      | Noticed Menkaure
  4944 | D:6      | Killed Menkaure
  4944 | D:6      | Reached XP level 8. HP: 51/70 MP: 7/7
  5003 | D:6      | Reached skill level 8 in Axes
  5107 | D:6      | Reached skill level 1 in Dodging
  5483 | D:6      | Found a shimmering altar of Xom.
  5640 | D:7      | Noticed Duvessa
  5640 | D:7      | Noticed Dowan
  5647 | D:7      | Killed Dowan
  5656 | D:7      | Killed Duvessa
  5656 | D:7      | Reached skill level 9 in Axes
  5856 | D:7      | Reached XP level 9. HP: 32/79 MP: 8/8
  6097 | D:7      | Found a staircase to the Ecumenical Temple.
  6137 | D:7      | Noticed Pikel
  6156 | D:7      | Killed Pikel
  6327 | D:7      | Found a sacrificial altar of Ru.
  6502 | D:8      | Noticed Prince Ribbit
  6512 | D:8      | Reached *** piety under Dithmenos
  6538 | D:8      | Killed Prince Ribbit
  6655 | D:8      | Reached skill level 10 in Axes
  7092 | D:9      | Found a staircase to the Orcish Mines.
  7101 | D:9      | Reached XP level 10. HP: 41/88 MP: 9/9
  7103 | D:9      | Reached **** piety under Dithmenos
  7467 | D:9      | Found a glowing golden altar of the Shining One.
  7552 | D:9      | Found a staircase to the Lair.
  7638 | D:9      | Noticed Erolcha
  7646 | D:9      | Killed Erolcha
  7646 | D:9      | Reached skill level 11 in Axes
  7919 | D:9      | Noticed Maurice
  7928 | D:9      | Killed Maurice
  7928 | D:9      | Reached skill level 5 in Dodging
  7986 | D:9      | Noticed Joseph
  8002 | D:9      | Killed Joseph
  8201 | D:10     | Entered Level 10 of the Dungeon
  8213 | D:10     | Reached skill level 1 in Invocations
  8219 | D:10     | Paralysed by a hornet for 1 turns
  8366 | D:10     | Got a jewelled chain mail
  8387 | D:10     | Identified the +7 chain mail of Pan-Flutes {*Corrode rC+
                  | rN+ MR+} (You found it on level 10 of the Dungeon)
  8702 | D:10     | Noticed Psyche
  8710 | D:10     | Killed Psyche
  8710 | D:10     | Reached skill level 12 in Axes
  9009 | D:10     | Reached ***** piety under Dithmenos
  9013 | D:10     | Reached XP level 11. HP: 69/97 MP: 11/11
  9397 | D:11     | Noticed a green ugly thing
  9409 | D:11     | Killed a green ugly thing
  9655 | D:11     | Killed an unseen horror
  9783 | D:11     | Got an amethyst-encrusted scale mail
  9784 | D:11     | Identified the +6 scale mail of Pegeguum {Str+2 Int+4 Dex+2
                  | Stlth-} (You found it on level 11 of the Dungeon)
  9796 | D:11     | Identified a scroll of acquirement
 10252 | D:12     | Reached skill level 13 in Axes
 10301 | D:12     | Reached skill level 10 in Armour
 10317 | D:12     | Reached skill level 10 in Shields
 10319 | D:12     | Reached skill level 10 in Fighting
 10321 | D:12     | Found Joiregeo's Book Emporium.
 10326 | D:12     | Noticed an ogre mage
 10327 | D:12     | Noticed a two-headed ogre
 10328 | D:12     | Noticed a two-headed ogre
 10329 | D:12     | Noticed Rupert
 10334 | D:12     | Killed an ogre mage
 10356 | D:12     | Paralysed by Rupert for 2 turns
 10361 | D:12     | Killed Rupert
 10363 | D:12     | Killed a two-headed ogre
 10363 | D:12     | Reached XP level 12. HP: 37/107 MP: 14/14
 10372 | D:12     | Killed a two-headed ogre
 10801 | D:12     | Noticed Frances
 10816 | D:12     | Killed Frances
 10816 | D:12     | Reached skill level 14 in Axes
 10816 | D:12     | Reached skill level 5 in Invocations
 11287 | D:12     | Noticed Snorg
 11303 | D:12     | Killed Snorg
 11670 | D:12     | Noticed Josephine
 11675 | D:12     | Killed Josephine
 11877 | Lair:1   | Entered Level 1 of the Lair of Beasts
 11957 | Lair:1   | Noticed an eight-headed hydra
 11962 | Lair:1   | Killed an eight-headed hydra
 11993 | Lair:1   | Noticed Fannar
 12007 | Lair:1   | Killed Fannar
 12007 | Lair:1   | Reached skill level 1 in Evocations
 12251 | Lair:1   | Noticed a six-headed hydra
 12256 | Lair:1   | Killed a six-headed hydra
 12304 | Lair:1   | Noticed Sonja
 12358 | Lair:1   | Killed Sonja
 12740 | Lair:1   | Reached skill level 15 in Axes
 12996 | Lair:2   | Reached XP level 13. HP: 76/116 MP: 16/16
 13076 | Lair:2   | Noticed Urug
 13091 | Lair:2   | Killed Urug
 14229 | Lair:3   | Reached ****** piety under Dithmenos
 14734 | Lair:3   | Found a staircase to the Swamp.
 15083 | Lair:4   | Found a staircase to the Snake Pit.
 16078 | Snake:1  | Entered Level 1 of the Snake Pit
 16110 | Lair:5   | Reached skill level 16 in Axes
 16439 | Lair:5   | Noticed an ettin
 16439 | Lair:5   | a six-headed hydra changed into an ettin
 16445 | Lair:5   | Killed an ettin
 16705 | Lair:5   | You fall into a shaft and drop 1 floor!
 16705 | Lair:6   | Entered Level 6 of the Lair of Beasts
 16705 | Lair:6   | Found a dark tunnel.
 16756 | Volcano  | Entered a volcano
 17093 | Volcano  | Reached XP level 14. HP: 96/124 MP: 18/18
 17108 | Volcano  | Found a burning altar of Makhleb.
 17491 | Lair:6   | Reached skill level 17 in Axes
 18117 | Lair:5   | Found a staircase to the Slime Pits.
 19521 | Orc:1    | Entered Level 1 of the Orcish Mines
 19765 | Orc:2    | Entered Level 2 of the Orcish Mines
 19772 | Orc:2    | Noticed a stone giant
 19786 | Orc:2    | Killed a stone giant
 20315 | Orc:2    | Found Hear Bie's Magic Scroll Emporium.
 20359 | Orc:2    | Found Meann's General Store.
 20359 | Orc:2    | Found Urojouva's Book Emporium.
 20359 | Orc:2    | Found Zaduv's Antique Armour Shoppe.
 20375 | Orc:2    | Found Xohebaf's General Store.
 20740 | Orc:2    | Bought an embroidered scarf for 168 gold pieces
 20740 | Orc:2    | Bought an embroidered cloak for 157 gold pieces
 20755 | Orc:2    | Bought an uncursed ring of protection from fire for 250
                  | gold pieces
 20757 | Orc:2    | Bought a scroll of holy word for 75 gold pieces
 20757 | Orc:2    | Bought a potion of curing for 30 gold pieces
 20757 | Orc:2    | Bought a potion of haste for 100 gold pieces
 20918 | Orc:2    | Noticed an orc warlord
 20927 | Orc:2    | Killed an orc warlord
 20927 | Orc:2    | Paralysed by an orc sorcerer for 7 turns
 20933 | Orc:2    | HP: 5/125 [sun demon[an orc warlord] (4)]
 20933 | Orc:2    | Slain by a sun demon

Levels and vault maps discovered:
D:1:      ebering_trefoil_twist, layout_basic, chequers_serial_rivers_large_a
D:2:      layout_basic, old_standard_altar, old_standard_altar
D:3:      layout_basic, grunt_decor_fettered
D:4:      layout_cave_pools, first_ration
D:5:      minmay_diamond_boxcup, layout_loops_cross, serial_park_tiny_1
D:6:      layout_rooms, lemuel_coloured_pillars_altar, basic_altar,
          kb_lookout_dungeons_type, uniq_menkaure
D:7:      layout_rooms, minmay_temple_entry_trees,
          nicolae_ru_great_annihilating_truth, uniq_duvessa, uniq_pikel
D:8:      layout_rooms, uniq_prince_ribbit1
D:9:      layout_long_grid, kennysheep_mini_moat, dpeg_oklobed_lair,
          orc_0_dummy, uniq_erolcha, uniq_joseph, uniq_maurice
D:10:     layout_cave_pods, uniq_psyche
D:11:     layout_basic
D:12:     layout_basic, serial_shops, shop, uniq_rupert, uniq_frances,
          uniq_josephine, uniq_snorg
Lair:1:   wander_river, layout_regular_city, grunt_forest_small_clearing_treed,
          infiniplex_staircase_pool_2, serial_bayou_shore_b, uniq_sonja,
          uniq_fannar
Lair:2:   layout_layer_cave, uniq_urug
Lair:3:   layout_regular_city, minmay_swamp_entry_wisps, serial_bayou_shore_b
Lair:4:   layout_long_grid, minmay_snake_entry_six_corridors
Lair:5:   layout_big_grid, minmay_slime_entry_pillars, grunt_megastairs_2
Lair:6:   minmay_lair_end_frog_pond, layout_cave_pods,
          nicolae_volcano_entry_lava_flow
Snake:1:  skrybe_snakes_to_sticks, layout_gridlike, statue_in_the_mist_lemuel,
          uniq_agnes, uniq_asterion, uniq_donald
Orc:1:    layout_caves
Orc:2:    st_orc_rangers, layout_caves, serial_shops, shop

Skill      XL: |  1  2  3  4  5  6  7  8  9 10 11 12 13 14 |
---------------+-------------------------------------------+-----
Axes           | 3 4 5 6 7 9 10 12 13 15 16 17 | 17.7
Armour         | 4 5 6 7 8 9 10 11 12 13 | 13.7
Shields        | 4 5 6 7 8 9 10 11 12 13 | 13.7
Fighting       | 4 5 6 7 8 9 10 11 | 11.9
Dodging        | 2 4 5 |  5.1
Invocations    | 2 4 6 7 9 |  9.4
Evocations     | 2 4 |  4.1

Action                   |  1- 3 |  4- 6 |  7- 9 | 10-12 | 13-15 || total
-------------------------+-------+-------+-------+-------+-------++-------
Melee: War axe           |    85 |   149 |   320 |   342 |       ||   896
       Headbutt          |     9 |    28 |    70 |   125 |   157 ||   389
       Broad axe         |       |       |       |   201 |   643 ||   844
Invok: Shadow Step       |       |       |       |     1 |     1 ||     2
       Shadow Form       |       |       |       |       |     1 ||     1
Evoke: Wand              |       |       |       |    12 |    29 ||    41
  Use: Scroll            |       |       |     9 |    17 |    10 ||    36
       Potion            |       |       |       |     1 |     4 ||     5
 Stab: Invisible         |       |       |       |       |    13 ||    13
  Eat: Chunk             |     2 |     5 |    10 |    11 |    19 ||    47
       Ration            |       |     1 |       |     3 |     2 ||     6
Armor: Scale mail        |    57 |    36 |       |       |       ||    93
       Chain mail        |       |    46 |    32 |       |       ||    78
       Plate armour      |       |       |   159 |   237 |   200 ||   596
Dodge: Dodged            |    32 |    45 |    82 |   216 |   305 ||   680
Block: Shield            |    56 |    88 |   213 |   323 |   464 ||  1144
